 Dungeon Crawl Stone Soup version 0.27.0-1-g7a089689b8 (webtiles) character file.

Game seed: 5363480154661640653

716 mainiacjoe the Ruffian (level 7, -4/60 HPs)
             Began as a Ghoul Fighter on Aug 12, 2021.
             Was a Believer of Cheibriados.
             Slain by a gnoll shaman (6 damage)
             ... on level 3 of the Dungeon.
             The game lasted 00:06:06 (3428 turns).

mainiacjoe the Ruffian (Ghoul Fighter)              Turns: 3428, Time: 00:06:07

Health: -4/60      AC:  7    Str: 28    XL:     7   Next: 69%
Magic:  6/8        EV:  8    Int:  9    God:    Cheibriados [**....]
Gold:   109        SH: 11    Dex: 14    Spells: 6/6 levels left

rFire    . . .     SeeInvis .     - Unarmed
rCold    + . .     Faith    .   t - +0 kite shield
rNeg     + + +     Spirit   .   a - +0 scale mail
rPois    ∞         Reflect  .   (no helmet)
rElec    .         Harm     .   (no cloak)
rCorr    .         Rampage  .   (no gloves)
Will     .....                  r - +0 pair of boots
Stlth    ..........             (no amulet)
HPRegen  0.00/turn              (no ring)
MPRegen  0.11/turn              (no ring)

@: attractive, inhibited regen, very slow
A: claws 1, cold resistance 1, negative energy resistance 3, inhibited
regeneration, torment resistance 2
a: Renounce Religion, Bend Time


You were on level 3 of the Dungeon.
You worshipped Cheibriados.
Cheibriados was pleased with you.
You visited 1 branch of the dungeon, and saw 4 of its levels.

You collected 109 gold pieces.

Inventory:

Hand Weapons
 b - a +0 hand crossbow
Missiles
 e - 2 poisoned darts
 f - 44 bolts
 g - 127 stones (quivered)
 h - 49 arrows
 m - 22 sling bullets
 p - 10 boomerangs
Armour
 a - a +0 scale mail (worn)
 r - a +0 pair of boots (worn)
 t - a +0 kite shield (worn)
Wands
 s - a wand of iceblast (5)
Scrolls
 d - a scroll of amnesia
 q - a scroll of silence
 u - a scroll of fog
Potions
 c - a potion of might
 i - a potion of heal wounds {unknown}
 j - a potion of brilliance {unknown}
 l - a potion of magic {unknown}
 n - a potion of degeneration {unknown}
 o - a potion of haste {unknown}


   Skills:
 - Level 4.6 Fighting
 - Level 2.6 Armour
 + Level 4.4 Shields
 * Level 6.5 Unarmed Combat
 + Level 3.4 Invocations


You had 6 spell levels left.
You didn't know any spells.
Your spell library contained the following spells:

 Spells                   Type           Power      Damage    Failure   Level
 Animate Skeleton         Necr           0%         N/A       98%         1
 Apportation              Tloc           0%         N/A       98%         1
 Corona                   Hex            0%         N/A       98%         1
 Magic Dart               Conj           0%         1d3       98%         1
 Summon Small Mammal      Summ           0%         N/A       98%         1
 Call Imp                 Summ           0%         N/A       99%         2
 Mephitic Cloud           Conj/Pois/Air  0%         N/A       100%        3


Dungeon Overview and Level Annotations

Branches:
Dungeon (4/15)
 Temple: D:4-7

Altars:
Cheibriados

Shops:
D:4 [


Innate Abilities, Weirdness & Mutations

You thrive by killing the living.
You are immune to poison.
You have sharp fingernails.
Your flesh is cold resistant. (rC+)
You are immune to negative energy. (rN+++)
You do not regenerate when monsters are visible.
You are immune to unholy pain and torment.


Message History

The orc completely misses you. You block the gnoll's attack.
You claw the gnoll!
The gnoll is almost dead.
The gnoll barely misses you. The orc hits you with a +0 falchion.
* * * LOW HITPOINT WARNING * * *
You block the gnoll's attack. The flow of time bends around you.
Cheibriados rebukes the orc.
The orc seems to slow down.
Cheibriados rebukes the gnoll.
The gnoll seems to slow down.
Cheibriados rebukes the gnoll.
The gnoll seems to slow down.
The gnoll hits you from afar with a +0 spear.
* * * LOW HITPOINT WARNING * * *
The gnoll shaman calls upon its god to heal the gnoll.
The gnoll is healed somewhat.
The orc hits you but does no damage. The gnoll hits you with a +0 whip.
* * * LOW HITPOINT WARNING * * *
The gnoll hits you with a +0 whip.
* * * LOW HITPOINT WARNING * * *
The orc closely misses you.
You see here a bolt.
Unknown command.
You block the gnoll's attack.
The gnoll shaman calls upon its god to speed up the gnoll.
The gnoll seems to speed up.
You block the gnoll's attack. The orc hits you with a +0 falchion.
* * * LOW HITPOINT WARNING * * *
There is a stone staircase leading up here.
The gnoll hits you but does no damage. You block the gnoll shaman's attack.
You block the gnoll's attack.
The gnoll hits you but does no damage. x2
The gnoll hits you with a +0 whip.
* * * LOW HITPOINT WARNING * * *
You climb upwards.
There is a stone staircase leading down here.
It was a potion of attraction.
You feel attractive to monsters.
The gnoll shaman hits you with a +0 club.
You die...

#.###...#.....#..........#.....#.
.## ##..###.###.########.#....##.
#.# #....#[#...# #.#.#.###. .##
#.##.###.#.# #.#.#.###. ##
##.##.....#.## #.#.......
##............# ##.#######.
#.....#####...######...## #.
#..#..#.....g.g.........# #.
####.....#<###.#@##........# #.
.........#.# #.#g##<##.....# #.
....##.###.###.#.##.###...#### #.
###.##.# #.#.....##.###......# #.
#.##.# #.#.#.#..>......###.###.
#....# #.#.#...........# #.....
#.#### #.#.###..#.###..###.###.
###.# #.......##.# #..........
....# ######.###.# ###########


You could see a gnoll shaman and 2 gnolls.

Vanquished Creatures
  Sigmund (D:3)
  2 ogres (D:4)
  2 scorpions (D:4)
  A hound (D:4)
  Ijyb (D:3)
  Natasha (twice) (D:3)
  7 adders
  A gnoll (D:4)
  An adder skeleton (D:3)
  2 worms (D:2)
  2 dart slugs (D:2)
  6 orcs (D:3)
  7 ball pythons
  7 endoplasms
  3 giant cockroaches
  6 goblins
  3 hobgoblins
  13 jackals
  6 kobolds
  4 quokkas
  5 bats
  2 frilled lizards
  3 rats
87 creatures vanquished.

Notes
Turn   | Place    | Note
-------+----------+-------------------------------------------
     0 | D:1      | mainiacjoe the Ghoul Fighter began the quest for the Orb.
     0 | D:1      | Reached XP level 1. HP: 19/19 MP: 0/0
    55 | D:1      | Reached XP level 2. HP: 14/26 MP: 1/1
   524 | D:1      | Reached XP level 3. HP: 33/33 MP: 2/2
   580 | D:1      | Reached skill level 3 in Unarmed Combat
   698 | D:1      | You fall into a shaft and drop 1 floor!
  1257 | D:2      | Reached XP level 4. HP: 40/40 MP: 3/3
  1488 | D:2      | Found a faded altar of an unknown god.
  1516 | D:2      | Became a worshipper of Cheibriados the Contemplative
  1516 | D:2      | Reached * piety under Cheibriados
  2314 | D:3      | Noticed Ijyb
  2330 | D:3      | Killed Ijyb
  2331 | D:3      | Reached skill level 4 in Unarmed Combat
  2331 | D:3      | Reached XP level 5. HP: 40/47 MP: 4/4
  2480 | D:3      | Reached ** piety under Cheibriados
  2596 | D:3      | Noticed Natasha
  2611 | D:3      | Killed Natasha
  2612 | D:3      | Reached skill level 1 in Invocations
  2762 | D:3      | Noticed Sigmund
  2777 | D:3      | Killed Sigmund
  2778 | D:3      | Reached skill level 5 in Unarmed Combat
  2778 | D:3      | Reached XP level 6. HP: 15/53 MP: 4/6
  3002 | D:3      | Noticed Natasha
  3013 | D:3      | Killed Natasha
  3314 | D:4      | Found Zulaishu's Antique Armour Shop.
  3323 | D:4      | Reached XP level 7. HP: 60/60 MP: 6/8
  3390 | D:4      | Reached skill level 6 in Unarmed Combat
  3426 | D:4      | HP: 2/60 [gnoll (3)]
  3428 | D:3      | Slain by a gnoll shaman

Illustrated notes

Levels and vault maps discovered:
D:1:      minmay_arrival_three_doors, layout_rooms, minmay_misc_feat_square
D:2:      layout_loops_ring, hellmonk_ecumenical_altar_pennies_from_heaven
D:3:      layout_loops_ring, minivault_23, minmay_quantized, uniq_natasha,
          uniq_ijyb, uniq_sigmund
D:4:      layout_rooms, gammafunk_ghost_arena, serial_shops, shop,
          shop_fountains, nicolae_inconvenience_store, shop,
          ebering_dispersal_statue_hall, hangedman_decor_push

Skill      XL: |  1  2  3  4  5  6  7 |
---------------+----------------------+-----
Unarmed Combat | 3 4 5 6 |  6.5
Shields        | 3 4 |  4.4
Fighting       | 4 |  4.6
Invocations    | 2 3 |  3.4
Armour         | |  2.6

Action                   |  1- 3 |  4- 6 |  7- 9 || total
-------------------------+-------+-------+-------++-------
Melee: Unarmed           |   119 |   150 |    30 ||   299
 Fire: Hand crossbow     |       |    15 |     8 ||    23
Throw: Stone             |    37 |    54 |       ||    91
Invok: Bend Time         |       |       |     1 ||     1
Evoke: Wand              |       |     2 |       ||     2
  Use: Scroll            |       |     3 |       ||     3
       Potion            |       |       |     1 ||     1
Armor: Scale mail        |    42 |    58 |    17 ||   117
Dodge: Dodged            |    49 |    49 |    18 ||   116
Block: Kite shield       |    61 |    62 |    24 ||   147
